 Dungeon Crawl Stone Soup version 0.16.1-11-g651b585 (webtiles) character file.

376 jacksonaction the Poker (level 6, 0/51 HPs)
             Began as a Hill Orc Fighter on Apr 7, 2015.
             Was a Follower of Beogh.
             Slain by a worker ant (3 damage)
             ... on level 3 of the Dungeon.
             The game lasted 00:18:38 (3274 turns).

jacksonaction the Poker (Hill Orc Fighter)          Turns: 3274, Time: 00:18:38

Health: 0/51       AC:  9    Str: 21    XL:     6   Next: 73%
Magic:  11/11      EV:  5    Int:  8    God:    Beogh [*.....]
Gold:   104        SH:  9    Dex: 10    Spells: 0 memorised, 5 levels left

rFire  . . .     SeeInvis .     a - +0 trident
rCold  . . .     Clarity  .     p - +0 chain mail
rNeg   . . .     SustAb   .     c - +0 shield
rPois  .         Gourm    .     (no helmet)
rElec  .         Spirit   .     (no cloak)
rCorr  .         Warding  .     (no gloves)
rMut   .         Stasis   .     (no boots)
MR     .....                    (no amulet)
Stlth  ..........               (no ring)
                                (no ring)

@: not resistant to hostile enchantments, extremely unstealthy
A: no striking features
a: Renounce Religion


You were on level 3 of the Dungeon.
You worshipped Beogh.
Beogh was aware of your devotion.
You were not hungry.

You visited 1 branch of the dungeon, and saw 4 of its levels.

You collected 104 gold pieces.

Inventory:

Hand weapons
 a - a +0 trident (weapon)
Missiles
 h - 66 stones (quivered)
Armour
 c - a +0 shield (worn)
 p - a +0 chain mail (worn)
 w - a +2 helmet
Jewellery
 i - an uncursed ring of poison resistance {unknown}
 C - an uncursed ring of fire {unknown}
 F - a +1 ring of slaying {unknown}
Magical devices
 q - a wand of frost (14)
Scrolls
 l - 4 scrolls of identify {unknown}
 m - a scroll of random uselessness {unknown}
 n - a scroll of enchant weapon {unknown}
 r - a scroll of remove curse {unknown}
 s - a scroll of enchant armour {unknown}
 t - a scroll of magic mapping {unknown}
 v - 2 scrolls of amnesia {unknown}
 y - a scroll of noise {unknown}
 A - a scroll of fear {unknown}
 E - a scroll of teleportation {unknown}
Potions
 b - a potion of brilliance {unknown}
 e - a potion of might
 f - a potion of haste {unknown}
 g - a potion of restore abilities {unknown}
 j - a potion of agility {unknown}
 o - a potion of cancellation {unknown}
 u - 2 potions of heal wounds {unknown}
 z - a potion of resistance {unknown}
 B - a potion of mutation {unknown}
 D - a potion of curing {unknown}
Books
 x - a book of the Earth

   Spells                             Type                      Level
   a - Leda's Liquefaction            Hexes/Earth                  4
   b - Bolt of Magma                  Conjuration/Fire/Earth       5
   c - Statue Form                    Transmutation/Earth          6
   d - Iron Shot                      Conjuration/Earth            6
   e - Shatter                        Earth                        9
Comestibles
 d - 2 meat rations
 k - a slice of pizza
 G - a chunk of flesh


   Skills:
 - Level 3.6 Fighting
 - Level 6.0 Polearms
 - Level 3.2 Armour
 - Level 3.2 Shields
 + Level 4.8 Invocations
 - Level 1.3 Evocations


You had 5 spell levels left.
You didn't know any spells.

Dungeon Overview and Level Annotations

Branches:
Dungeon (4/15)
 Temple: D:4-7

Altars:
Dithmenos
Fedhas
Nemelex Xobeh
Okawaru
Vehumet
Zin

Annotations:
D:3 Grinder
D:4 Pikel


Message History

You block the worker ant's attack.
You closely miss the worker ant.
The worker ant is lightly wounded.
You block the worker ant's attack. The worker ant completely misses you.
Your shield and chain mail prevent you from hitting the worker ant.
The worker ant is lightly wounded.
The worker ant bites you.
* * * LOW HITPOINT WARNING * * *
You hit the worker ant.
The worker ant is moderately wounded.
You block the worker ant's attack.
You completely miss the worker ant.
The worker ant is moderately wounded.
The worker ant bites you but does no damage.
The worker ant bites you.
* * * LOW HITPOINT WARNING * * *
You hit the worker ant.
The worker ant is moderately wounded.
The worker ant bites you.
You die...

........### #####.#.##.#..#
.⌠....### #######.#p.#.#..#
........###...............#
...8......#########..#.#..#
..........._# ####..#.#..#
.8...###########..>..#.#..#
....###.........p....#.####
...## ##########a#.....#
#_## #@#.##### #### #...#
##.# ##### ##.# ...# ####


You could see a slave and a worker ant.

Vanquished Creatures
  2 orc priests
  An iguana (D:4)
  An orc wizard (D:3)
  A worker ant (D:4)
  Jessica (D:2)
  Terence (D:3)
  Robin (D:2)
  6 adders
  4 gnolls (D:3)
  A giant mite (D:3)
  A worm (D:3)
  A giant gecko (D:1)
  An ooze (D:1)
  7 orcs
  4 giant cockroaches
  7 hobgoblins
  4 jackals (D:4)
  2 ball pythons
  11 bats
  5 giant newts
  19 goblins
  6 kobolds
  2 quokkas
  11 rats
100 creatures vanquished.

Vanquished Creatures (others)
  An orc priest (D:3)
1 creature vanquished.

Grand Total: 101 creatures vanquished

Notes
Turn   | Place    | Note
--------------------------------------------------------------
     0 | D:1      | jacksonaction, the Hill Orc Fighter, began the quest for the Orb.
     0 | D:1      | Reached XP level 1. HP: 19/19 MP: 1/1
   142 | D:1      | Reached XP level 2. HP: 23/26 MP: 2/2
   489 | D:1      | You fall through a shaft!
   680 | D:2      | Reached XP level 3. HP: 29/31 MP: 3/3
   683 | D:2      | Noticed Jessica
   698 | D:2      | Killed Jessica
   698 | D:2      | Reached skill level 4 in Polearms
   885 | D:2      | Reached XP level 4. HP: 37/39 MP: 4/4
   887 | D:2      | Noticed Robin
   903 | D:2      | Killed Robin
   943 | D:2      | Reached skill level 5 in Polearms
  1609 | D:3      | Reached XP level 5. HP: 45/45 MP: 5/5
  1611 | D:3      | Became a worshipper of Beogh the Brigand
  1913 | D:3      | Noticed Grinder
  1950 | D:3      | Paralysed by Grinder for 3 turns
  2002 | D:3      | Paralysed by Grinder for 4 turns
  2016 | D:3      | Paralysed by Grinder for 7 turns
  2320 | D:3      | Reached skill level 6 in Polearms
  2372 | D:3      | Noticed Terence
  2382 | D:3      | Killed Terence
  2382 | D:3      | Reached skill level 1 in Invocations
  2497 | D:3      | Acquired Beogh's first power
  2497 | D:3      | Reached XP level 6. HP: 45/51 MP: 6/8
  2669 | D:3      | Found a blossoming altar of Fedhas.
  2673 | D:3      | Found a radiant altar of Vehumet.
  2673 | D:3      | Found a shadowy altar of Dithmenos.
  2693 | D:3      | Found a glowing silver altar of Zin.
  2696 | D:3      | Found a sparkling altar of Nemelex Xobeh.
  3197 | D:4      | Reached skill level 1 in Evocations
  3207 | D:4      | Found an iron altar of Okawaru.
  3210 | D:4      | Noticed Pikel
  3274 | D:3      | Slain by a worker ant

Action                   |  1- 3 |  4- 6 || total
-------------------------+-------+-------++-------
Melee: Trident           |   116 |   318 ||   434
Throw: Stone             |     4 |    33 ||    37
Invok: Convert to Beogh  |       |     1 ||     1
  Eat: Chunk             |       |     8 ||     8
